Map: Kairos Junction LE

Players

Special - Winner!

  • Race: Terran Terran
  • League: Master
  • Spawn Location: 11:00

MaSa

  • Race: Terran Terran
  • Spawn Location: 5:00

Event: 2019 WCS Spring

VOD

Have the link to the VOD?

Description

Time

  • Played on: May 18, 2019, 12:23 p.m.
  • Length: 10:38

All games in this series

Show
View Real Time Build Order
Export as new Build Order

Special Terran - Winner!

Build Orders: Mech 

Get SALT Encoding   

  12  0:00  SCV  
  13  0:12  SCV  
  14  0:18  Supply Depot  
  14  0:25  SCV  
  15  0:29  Refinery  
  15  0:39  SCV  
  16  0:45  Barracks  
  16  0:51  SCV  
  16  0:55  Refinery  
  17  1:04  SCV  
  18  1:16  SCV  
  20  1:33  Factory  
  20  1:34  Orbital Command  
  20  1:37  Reaper  
  20  1:47  Supply Depot  
  20  1:59  SCV  
  21  2:09  Reaper  
  21  2:12  SCV  
  23  2:17  Hellion  
  25  2:24  SCV  
  26  2:36  SCV  
  26  2:38  Hellion  
  26  2:41  Reaper  
  26  2:43  Command Center  
  29  2:49  Supply Depot  
  29  2:53  SCV  
  30  3:01  Factory Tech Lab  
  30  3:06  Starport  
  30  3:07  SCV  
  31  3:16  Barracks Reactor  
  31  3:19  SCV  
  32  3:24  Cyclone  
  33  3:35  SCV  
  34  3:43  Starport Tech Lab  
  34  3:47  SCV  
  35  3:59  SCV  
  35  4:00  Cyclone  
  35  4:01  Marine  
  35  4:02  Marine  
  40  4:03  Raven  
  40  4:04  Orbital Command  
  41  4:11  SCV, Refinery  
  42  4:19  Marine x2  
  42  4:24  SCV  
  45  4:26  Supply Depot  
  45  4:31  SCV  
  46  4:34  Siege Tank  
  46  4:36  SCV  
  50  4:39  Marine x2  
  50  4:43  SCV  
  53  4:48  SCV  
  53  4:50  Supply Depot  
  54  4:55  SCV, Raven  
  57  5:04  Command Center  
  57  5:05  SCV  
  53  5:08  Marine  
  53  5:09  Marine  
  53  5:11  Siege Tank  
  53  5:13  SCV  
  56  5:17  SCV, Refinery  
  57  5:25  SCV  
  57  5:26  Marine  
  57  5:27  Marine  
  60  5:29  SCV  
  61  5:37  SCV  
  61  5:41  SCV  
  63  5:44  Siege Tank  
  63  5:49  SCV  
  67  5:52  Viking  
  67  5:53  SCV  
  70  6:04  Supply Depot  
  70  6:07  Factory  
  70  6:09  Supply Depot  
  70  6:10  Factory  
  70  6:16  Viking, SCV x2  
  70  6:17  Orbital Command  
  74  6:18  Cyclone  
  74  6:24  Barracks Reactor  
  77  6:28  SCV x2  
  79  6:34  Viking  
  79  6:35  Supply Depot  
  79  6:37  Orbital Command  
  81  6:40  SCV  
  81  6:46  Viking  
  84  6:54  Mag-Field Accelerator  
  84  6:55  Cyclone  
  84  6:57  SCV x2  
  86  7:04  Factory Tech Lab  
  86  7:06  SCV  
  87  7:09  SCV x2  
  87  7:11  Viking  
  87  7:15  Hellion x2  
  95  7:16  Viking  
  95  7:19  SCV  
  95  7:21  SCV  
  95  7:22  SCV  
  100  7:25  Cyclone  
  100  7:26  Supply Depot  
  103  7:32  Cyclone  
  103  7:36  Hellion x2  
  109  7:40  Infernal Pre-Igniter  
  109  7:43  SCV  
  110  7:49  Viking  
  112  7:51  Viking  
  112  7:55  SCV  
  112  7:56  SCV x2  
  112  7:58  Hellion x2  
  120  7:59  Cyclone  
  123  8:09  Cyclone  
  125  8:20  SCV x2  
  125  8:25  Supply Depot  
  124  8:29  Liberator  
  124  8:31  Viking  
  123  8:41  Hellion  
  123  8:46  Siege Tank  
  123  8:47  Hellion  
  131  8:56  Supply Depot  
  131  8:57  SCV x2, Supply Depot  
  131  8:58  Orbital Command  
  131  9:00  Command Center  
  129  9:13  Hellion x2, Cyclone  
  126  9:17  SCV x2  
  126  9:19  Cyclone  
  126  9:22  Viking  
  131  9:29  Viking, SCV x3  
  127  9:33  Refinery  
  127  9:35  Hellion x2  
  131  9:43  Supply Depot  
  131  9:45  Refinery  
  131  9:46  Cyclone  
  134  9:53  Cyclone  
  134  9:55  Supply Depot  
  134  9:56  Hellion x2  
  134  9:58  SCV  
  141  10:07  Supply Depot  
  141  10:08  Supply Depot  
  141  10:10  Factory x2  
Show
View Real Time Build Order
Export as new Build Order

MaSa Terran 

Build Orders: Mech 

Get SALT Encoding   

  12  0:00  SCV  
  13  0:12  SCV  
  14  0:16  Supply Depot  
  14  0:24  SCV  
  14  0:27  Refinery  
  15  0:38  SCV  
  16  0:44  Barracks  
  16  0:50  SCV  
  16  0:54  Refinery  
  17  1:02  SCV  
  18  1:14  SCV  
  19  1:31  Orbital Command, Factory  
  19  1:35  Reaper  
  20  1:43  Supply Depot  
  20  1:57  SCV  
  21  2:07  Reaper  
  22  2:09  SCV  
  22  2:15  Hellion  
  25  2:21  SCV  
  26  2:32  Command Center  
  26  2:33  SCV  
  27  2:39  Reaper, Hellion  
  30  2:45  Supply Depot  
  30  2:47  SCV  
  31  2:57  Starport  
  31  3:06  Factory Tech Lab  
  31  3:07  SCV  
  31  3:17  Barracks Reactor  
  31  3:19  SCV  
  31  3:26  Cyclone  
  32  3:31  SCV  
  32  3:36  Starport Tech Lab  
  32  3:42  Refinery  
  32  3:43  SCV  
  32  3:44  Orbital Command  
  33  3:55  SCV, Marine x2  
  31  4:06  Raven  
  31  4:08  SCV  
  34  4:10  SCV  
  34  4:13  Marine x2  
  37  4:20  SCV  
  37  4:22  SCV  
  42  4:24  Cyclone  
  42  4:26  Refinery  
  42  4:32  SCV, Marine x2  
  42  4:35  SCV  
  46  4:42  Factory  
  46  4:44  SCV  
  47  4:47  SCV  
  48  4:56  SCV, Supply Depot  
  48  4:59  SCV  
  50  5:08  SCV  
  50  5:11  SCV, Raven  
  51  5:16  Siege Tank  
  51  5:20  SCV  
  51  5:21  Supply Depot  
  55  5:23  SCV  
  56  5:28  Factory  
  56  5:30  Supply Depot  
  56  5:32  SCV  
  56  5:35  SCV  
  60  5:36  Hellion x2, Barracks Reactor  
  62  5:43  Supply Depot  
  62  5:44  SCV  
  62  5:47  SCV  
  64  5:50  Siege Tank  
  64  5:56  SCV  
  70  5:57  Hellion x2, Supply Depot  
  70  5:59  SCV  
  73  6:07  Infernal Pre-Igniter  
  73  6:09  SCV  
  73  6:10  Supply Depot  
  74  6:15  Viking  
  79  6:18  Hellion  
  79  6:19  Viking  
  79  6:24  Hellion, Siege Tank  
  84  6:41  Hellion, Siege Tank  
  84  6:45  Viking, Hellion  
  93  6:51  Viking  
  91  7:05  Supply Depot x2  
  91  7:07  SCV  
  91  7:08  Barracks  
  91  7:09  Command Center  
  91  7:12  Hellion  
  91  7:15  Viking  
  95  7:19  Siege Tank  
  95  7:21  SCV, Viking  
  101  7:23  SCV  
  101  7:28  Hellion  
  104  7:33  Hellion  
  104  7:35  Supply Depot x2  
  106  7:47  Siege Tank  
  106  7:49  Hellion  
  109  7:53  Siege Tank  
  109  7:54  Hellion  
  109  7:55  Viking  
  116  8:05  Viking  
  118  8:11  Hellion  
  118  8:16  Hellion  
  116  8:22  SCV, Hellion  
  116  8:23  SCV  
  116  8:25  Viking  
  120  8:30  Factory  
  117  8:35  Viking  
  117  8:36  Factory  
  117  8:41  Hellion x2  
  105  8:49  SCV  
  105  8:52  SCV  
  105  8:53  Siege Tank  
  105  8:54  Hellion  
  110  8:55  Viking  
  110  9:01  SCV  
  107  9:02  Hellion  
  107  9:04  SCV  
  99  9:11  Hellion  
  99  9:14  SCV  
  99  9:16  SCV  
  71  9:26  SCV  
  71  9:28  SCV  
  73  9:37  Hellion  
  73  9:38  SCV  
  76  9:40  SCV  
  77  9:48  Hellion x2  
  77  9:50  SCV  
  77  9:51  Orbital Command  
  82  9:53  SCV  
  78  10:02  SCV, Hellion x2  
  78  10:05  SCV  
  82  10:07  Viking  
  82  10:12  Hellion  
  80  10:14  SCV  
  80  10:17  SCV  
Tags
 
Add a new tag
Caveats
  • Supply blocks, unpowered buildings, or Contaminate may cause inaccurate times.
  • Supply counts are checked every 10 seconds.